 Dungeon Crawl Stone Soup version 0.31-a0-188-g5e087ee2ca (webtiles) character file.

Game seed: 7649012098833193827

1586 qw the Skirmisher (level 8, -33/46 HPs)
             Began as a Deep Elf Hunter on June 23, 2023.
             Was an Initiate of Okawaru.
             Annihilated by a titanic slime creature (75 damage)
             ... on level 7 of the Dungeon.
             The game lasted 00:02:53 (5333 turns).

qw the Skirmisher (Deep Elf Hunter)                 Turns: 5333, Time: 00:02:53

Health: -33/46     AC:  9    Str: 10    XL:     8   Next: 61%
Magic:  10/10      EV: 12    Int: 15    God:    Okawaru [......]
Gold:   323        SH:  0    Dex: 18    Spells: 7/7 levels left

rFire   . . .        g - +0 orcbow
rCold   . . .        (shield currently unavailable)
rNeg    . . .        f - +1 ring mail
rPois   .            i - +2 helmet
rElec   .            (no cloak)
rCorr   .            (no gloves)
SInv    .            (no boots)
Will    .....        h - amulet of regeneration
Stlth   +            (no ring)
HPRegen 1.07/turn    (no ring)
MPRegen 0.12/turn

%: no passive effects
@: about to teleport
A: no striking features
a: Renounce Religion


You were on level 7 of the Dungeon.
You worshipped Okawaru.
Okawaru was noncommittal.
You visited 2 branches of the dungeon, and saw 8 of its levels.

You collected 323 gold pieces.


   Skills:
 - Level 3.1 Fighting
 + Level 13.6 Ranged Weapons
 - Level 1.3 Armour
 - Level 4.1 Dodging
 - Level 1.2 Stealth


You had 7 spell levels left.
You didn't know any spells.
Your spell library was empty.

Inventory:

Hand Weapons
 g - a +0 orcbow (weapon)
Armour
 f - a +1 ring mail (worn)
 i - a +2 helmet (worn)
Jewellery
 h - an amulet of regeneration (around neck)
Scrolls
 e - a scroll of identify
Potions
 b - a potion of mutation
 c - 2 potions of heal wounds
 d - a potion of enlightenment
 j - 2 potions of curing
 m - 3 potions of resistance

Dungeon Overview and Level Annotations

Branches:
Dungeon (7/15)             Temple (1/1) D:6

Altars:
Ashenzari
Cheibriados
Dithmenos
Elyvilon
Fedhas
Hepliaklqana
Makhleb
Nemelex Xobeh
Okawaru
Qazlal
Ru
Sif Muna
Trog
Uskayaw
Vehumet
Wu Jian
Xom
Yredelemnul
Zin
The Shining One
Lugonu

Shops:
D:1 :

Portals:
Abyss: D:3
Bailey: D:7

Annotations:
D:3 2 runed translucent doors
D:4 3 runed translucent doors, qw's ghost, amateur DEHu
D:5 1 runed translucent door, Crazy Yiuf


Message History

Enter note:
Enter note: You see here 6 boomerangs.
You now have 323 gold pieces (gained 13).
You hear the steady creaking of a very distant portcullis.
Found 7 stones.
Enter note:
Enter note:
Enter note:
Enter note: 5 slime creatures come into view.
The slime creature quivers. x3
Enter note:
Enter note:
Enter note:
Enter note: You shoot an arrow.
The arrow hits the slime creature!
The slime creature is moderately wounded.
The slime creature quivers.
You shoot an arrow.
The arrow barely misses the slime creature. x3
Two slime creatures merge to form a large slime creature.
Two slime creatures merge to form a very large slime creature.
You shoot an arrow.
The arrow barely misses the very large slime creature.
The arrow hits the slime creature.
The slime creature is lightly wounded.
Two slime creatures merge to form an enormous slime creature.
5331 ||| READING scroll of teleportation.
As you read the scroll of teleportation, it crumbles to dust.
You feel strangely unstable. The slime creature hits you.
Two slime creatures merge to form a titanic slime creature.
You shoot an arrow.
The arrow completely misses the titanic slime creature.
You shoot an arrow.
The arrow completely misses the titanic slime creature.
The titanic slime creature hits you!!!!
Ouch! That really hurt!
You die...

.# # .# ##### .#
....### ########.
........ .........
#####... ........# #
# #..J.# # ###@## #
#### ###....# ##..#
#......## ###...#
##.......## #.....#
#(........# .....##
#.........# #....#
#.........# #...##
##.........#
.#..######..........#


You could see a titanic slime creature.

Vanquished Creatures
  Sigmund (D:3)
  A wyvern (D:7)
  An orc warrior (D:7)
  A black bear (D:4)
  An ogre (D:5)
  A phantom (D:5)
  A gnoll sergeant (D:6)
  A howler monkey (D:6)
  4 hounds
  2 orc priests
  2 jellies (D:5)
  A gnoll bouda (D:6)
  Jessica (D:2)
  An iguana (D:6)
  A sleepcap (D:4)
  5 orc wizards
  12 gnolls
  11 adders
  2 worms
  4 dart slugs
  21 orcs
  5 bats
  9 endoplasms
  4 giant cockroaches
  8 goblins
  9 hobgoblins
  2 jackals (D:3)
  6 quokkas
  8 ball pythons
  6 frilled lizards
  11 kobolds
  8 rats
151 creatures vanquished.

Notes
Turn   | Place    | Note
-------+----------+-------------------------------------------
     0 | D:1      | qw the Deep Elf Hunter began the quest for the Orb.
     0 | D:1      | Reached XP level 1. HP: 12/12 MP: 3/3
     0 | D:1      | 0 ||| qw: Version: 0.3-a-9-g12657ce
     0 | D:1      | 0 ||| qw: Game counter: 3964
     0 | D:1      | 0 ||| qw: Always use a shield: true
     0 | D:1      | 0 ||| qw: God list: Okawaru
     0 | D:1      | 0 ||| qw: Allow faded altars: false
     0 | D:1      | 0 ||| qw: Do Orc after D:15 true
     0 | D:1      | 0 ||| qw: Do second Lair branch before Depths: true
     0 | D:1      | 0 ||| qw: Lair rune preference: random
     0 | D:1      | 0 ||| qw: Plans: Normal
     0 | D:1      | 0 ||| PLANNING D:1-11
   115 | D:1      | Reached XP level 2. HP: 14/16 MP: 4/4
   115 | D:1      | 115 ||| FLEEEEING.
   116 | D:1      | 116 ||| FLEEEEING.
   121 | D:1      | Reached skill level 6 in Ranged Weapons
   365 | D:1      | Found Aniamis's Book Emporium.
   459 | D:1      | Found a faded altar of an unknown god.
   569 | D:1      | 569 ||| FLEEEEING.
   570 | D:1      | 570 ||| FLEEEEING.
   843 | D:1      | 843 ||| UPGRADING to +0 ring mail.
   853 | D:1      | 853 ||| DROPPING +0 leather armour.
   854 | D:1      | 854 ||| UPGRADING to +2 helmet.
   859 | D:1      | 859 ||| UPGRADING to amulet of regeneration.
   864 | D:1      | 864 ||| READING scroll labelled WICIMEHOMN.
   865 | D:1      | 865 ||| READING 2 scrolls labelled JURHEU RULIU.
   866 | D:1      | 866 ||| READING scroll labelled BAULYO QUCO.
   867 | D:1      | 867 ||| DROPPING scroll of butterflies.
   882 | D:2      | Noticed Jessica
   883 | D:2      | Reached XP level 3. HP: 20/20 MP: 5/5
   885 | D:2      | 885 ||| STAIRDANCE
   891 | D:2      | 891 ||| STAIRDANCE
   895 | D:1      | HP: 5/20 [frozen (3)]
   914 | D:2      | 914 ||| STAIRDANCE
   930 | D:2      | Killed Jessica
   931 | D:2      | Reached skill level 7 in Ranged Weapons
   944 | D:2      | Reached XP level 4. HP: 25/25 MP: 6/6
  1106 | D:2      | Reached skill level 8 in Ranged Weapons
  1307 | D:2      | 1307 ||| READING scroll labelled USORUR LOKHLU.
  1462 | D:3      | Reached XP level 5. HP: 29/29 MP: 7/7
  1560 | D:3      | Noticed Sigmund
  1587 | D:3      | Killed Sigmund
  1588 | D:3      | Reached skill level 9 in Ranged Weapons
  1588 | D:3      | Reached XP level 6. HP: 31/34 MP: 8/8
  1685 | D:3      | Found a large runed translucent door.
  1689 | D:3      | Found a large runed translucent door.
  1690 | D:3      | Found a corrupted altar of Lugonu.
  1907 | D:3      | Found a one-way gate to the infinite horrors of the Abyss.
  2086 | D:3      | 2086 ||| DROPPING ring of magical power.
  2087 | D:3      | 2087 ||| READING scroll labelled EFFUIG KINGYSCH.
  2088 | D:3      | 2088 ||| READING scroll labelled KEIGUDICLU.
  2089 | D:3      | 2089 ||| READING scroll labelled ITASIOK UPSO.
  2090 | D:3      | 2090 ||| DRINKING 3 fuming brown potions.
  2091 | D:3      | 2091 ||| READING 4 scrolls of identify.
  2091 | D:3      | 2091 ||| IDENTIFYING fizzy coppery potion
  2092 | D:3      | 2092 ||| READING 3 scrolls of identify.
  2092 | D:3      | 2092 ||| IDENTIFYING dark potion
  2093 | D:3      | 2093 ||| READING 2 scrolls of identify.
  2093 | D:3      | 2093 ||| IDENTIFYING fizzy cyan potion
  2094 | D:3      | 2094 ||| DROPPING potion of brilliance.
  2095 | D:3      | 2095 ||| DROPPING potion of attraction.
  2467 | D:4      | Found a runed translucent gate.
  2467 | D:4      | Found a runed translucent gate.
  2467 | D:4      | Found a runed translucent gate.
  2470 | D:4      | Noticed qw's ghost (amateur DEHu)
  2522 | D:4      | Reached skill level 10 in Ranged Weapons
  2718 | D:4      | 2718 ||| READING scroll of enchant armour.
  2718 | D:4      | 2718 ||| ENCHANTING +0 ring mail.
  3344 | D:4      | 3344 ||| Stepping randomly (stuck).
  3355 | D:5      | Entered Level 5 of the Dungeon
  3396 | D:5      | Reached skill level 1 in Armour
  3396 | D:5      | Reached XP level 7. HP: 40/40 MP: 9/9
  3458 | D:5      | 3458 ||| READING scroll of brand weapon.
  3458 | D:5      | 3458 ||| BRANDING +1 shortbow of flaming.
  3522 | D:5      | Reached skill level 11 in Ranged Weapons
  3995 | D:5      | Found a runed translucent door.
  3996 | D:5      | Noticed Crazy Yiuf
  4183 | D:5      | 4183 ||| READING 4 scrolls labelled OGIRGHE TUASMU.
  4184 | D:5      | 4184 ||| DRINKING 2 lumpy dark potions.
  4185 | D:5      | 4185 ||| DROPPING 3 scrolls of immolation.
  4239 | D:6      | 4239 ||| Stepping ~*~*~tactically~*~*~ (outnumbered).
  4257 | D:6      | HP: 10/40 [gnoll/+0 flail[a gnoll sergeant] (2)]
  4258 | D:6      | 4258 ||| READING scroll of teleportation.
  4259 | D:6      | 4259 ||| DRINKING potion of heal wounds.
  4299 | D:6      | 4299 ||| Stepping ~*~*~tactically~*~*~ (water).
  4303 | D:6      | Reached skill level 12 in Ranged Weapons
  4319 | D:6      | 4319 ||| Stepping ~*~*~tactically~*~*~ (water).
  4321 | D:6      | Reached XP level 8. HP: 44/44 MP: 10/10
  4378 | D:6      | 4378 ||| Stepping ~*~*~tactically~*~*~ (outnumbered).
  4380 | D:6      | 4380 ||| Stepping ~*~*~tactically~*~*~ (outnumbered).
  4382 | D:6      | 4382 ||| Stepping ~*~*~tactically~*~*~ (outnumbered).
  4512 | D:6      | Reached skill level 3 in Fighting
  4613 | D:6      | Found a staircase to the Ecumenical Temple.
  4615 | D:6      | 4615 ||| PLANNING TEMPLE
  4615 | D:6      | 4615 ||| READING 5 scrolls of identify.
  4615 | D:6      | 4615 ||| IDENTIFYING sedimented grey potion
  4616 | D:6      | 4616 ||| READING 4 scrolls of identify.
  4616 | D:6      | 4616 ||| IDENTIFYING puce potion
  4617 | D:6      | 4617 ||| READING 3 scrolls of identify.
  4617 | D:6      | 4617 ||| IDENTIFYING brown potion
  4618 | D:6      | 4618 ||| DROPPING potion of ambrosia.
  4619 | D:6      | 4619 ||| DROPPING potion of degeneration.
  4628 | Temple   | Entered the Ecumenical Temple
  4681 | Temple   | 4681 ||| PLANNING OKAWARU WORSHIP
  4800 | Temple   | Became a worshipper of Warmaster Okawaru
  4801 | Temple   | 4801 ||| PLANNING D:1-11
  4992 | D:6      | 4992 ||| READING 2 scrolls of identify.
  4992 | D:6      | 4992 ||| IDENTIFYING viscous golden potion
  5023 | D:7      | Found a flagged portal.
  5110 | D:7      | Reached skill level 13 in Ranged Weapons
  5149 | D:7      | 5149 ||| FLEEEEING.
  5152 | D:7      | 5152 ||| FLEEEEING.
  5153 | D:7      | 5153 ||| FLEEEEING.
  5159 | D:7      | 5159 ||| FLEEEEING.
  5161 | D:7      | 5161 ||| FLEEEEING.
  5162 | D:7      | 5162 ||| FLEEEEING.
  5165 | D:7      | 5165 ||| FLEEEEING.
  5166 | D:7      | 5166 ||| FLEEEEING.
  5167 | D:7      | 5167 ||| FLEEEEING.
  5168 | D:7      | 5168 ||| FLEEEEING.
  5169 | D:7      | 5169 ||| FLEEEEING.
  5180 | D:7      | 5180 ||| FLEEEEING.
  5181 | D:7      | 5181 ||| FLEEEEING.
  5182 | D:7      | 5182 ||| FLEEEEING.
  5189 | D:7      | 5189 ||| STAIRDANCE
  5194 | D:6      | 5194 ||| READING scroll labelled UFEKAIRYE.
  5225 | D:7      | 5225 ||| SWAPPING to +0 orcbow.
  5226 | D:7      | 5226 ||| DROPPING +1 shortbow of chaos.
  5327 | D:7      | Noticed a slime creature
  5327 | D:7      | Noticed a slime creature
  5327 | D:7      | Noticed a slime creature
  5327 | D:7      | Noticed a slime creature
  5327 | D:7      | Noticed a slime creature
  5331 | D:7      | 5331 ||| READING scroll of teleportation.
  5333 | D:7      | Annihilated by a titanic slime creature

Levels and vault maps discovered:
D:1:      erik_arrival_triangle_small, layout_loops_ring,
          ebering_ecumenical_altar_hall, serial_shops,
          nicolae_shop_behind_doors, st_stairs_6, dk_noncrumbling_2,
          minmay_misc_feat_nine_boxes
D:2:      layout_rooms, chequers_arboretum, guppyfry_early_lair_pool,
          uniq_jessica
D:3:      due_chaos_kobolds, layout_loops_ring, minmay_starry_boxes,
          uniq_sigmund
D:4:      layout_basic, gammafunk_ghost_nasty_kobolds
D:5:      layout_basic, supply_closet_lemuel, uniq_crazy_yiuf_cottage
D:6:      wander_river, layout_rooms, temple_hall
D:7:      layout_cave_pods, nicolae_overflow_two_pavilions, enter_bailey_2
Temple:   nicolae_temple_bog_church

Skill      XL: |  1  2  3  4  5  6  7  8 |
---------------+-------------------------+-----
Ranged Weapons | 6 7 8 9 10 12 13 | 13.6
Fighting       | 2 3 |  3.1
Dodging        | 4 |  4.1
Armour         | 1 |  1.3
Stealth        | |  1.2

Action                     |  1- 3 |  4- 6 |  7- 9 || total
---------------------------+-------+-------+-------++-------
   Fire: Shortbow          |    89 |   200 |   180 ||   469
         Orcbow            |       |       |     5 ||     5
    Use: Scroll            |     3 |     8 |     9 ||    20
         Potion            |       |     1 |     2 ||     3
 Armour: Leather armour    |     2 |       |       ||     2
         Ring mail         |    29 |    27 |    35 ||    91
  Dodge: Dodged            |    45 |    31 |    61 ||   137

Table legend:
 A = Non-vault XP
 B = Vault XP
 C = Vault XP percentage of total XP
 D = Non-vault monster count
 E = Vault monster count
 F = Vault count percentage of total count
                 A         B        C        D         E       F
            +---------+---------+-------+---------+---------+-------
      Total |    1994 |     273 |  12.0 |     143 |       8 |   5.3
            +---------+---------+-------+---------+---------+-------
        D:1 |      50 |       5 |   9.1 |      32 |       2 |   5.9
        D:2 |      64 |      37 |  36.6 |      13 |       1 |   7.1
        D:3 |      65 |     231 |  78.0 |      19 |       5 |  20.8
        D:4 |     232 |       0 |   0.0 |      23 |       0 |   0.0
        D:5 |     557 |       0 |   0.0 |      23 |       0 |   0.0
        D:6 |     598 |       0 |   0.0 |      26 |       0 |   0.0
        D:7 |     428 |       0 |   0.0 |       7 |       0 |   0.0
            +---------+---------+-------+---------+---------+-------
